%YAML 1.1
%TAG !u! tag:unity3d.com,2011:
--- !u!1 &3397593535167008695
GameObject:
  m_ObjectHideFlags: 0
  m_CorrespondingSourceObject: {fileID: 0}
  m_PrefabInstance: {fileID: 0}
  m_PrefabAsset: {fileID: 0}
  serializedVersion: 6
  m_Component:
  - component: {fileID: 1234042322236968816}
  - component: {fileID: 3813954958163305550}
  - component: {fileID: 6237162217368460371}
  - component: {fileID: 9157085145677070420}
  m_Layer: 9
  m_Name: Cube
  m_TagString: Untagged
  m_Icon: {fileID: 0}
  m_NavMeshLayer: 0
  m_StaticEditorFlags: 0
  m_IsActive: 1
--- !u!4 &1234042322236968816
Transform:
  m_ObjectHideFlags: 0
  m_CorrespondingSourceObject: {fileID: 0}
  m_PrefabInstance: {fileID: 0}
  m_PrefabAsset: {fileID: 0}
  m_GameObject: {fileID: 3397593535167008695}
  m_LocalRotation: {x: 0, y: 0, z: 0, w: 1}
  m_LocalPosition: {x: 17.2, y: -2.01, z: 1.5}
  m_LocalScale: {x: 52.085674, y: 1.0000001, z: 44.052345}
  m_Children: []
  m_Father: {fileID: 8354972623301008209}
  m_RootOrder: 13
  m_LocalEulerAnglesHint: {x: 0, y: 0, z: 0}
--- !u!33 &3813954958163305550
MeshFilter:
  m_ObjectHideFlags: 0
  m_CorrespondingSourceObject: {fileID: 0}
  m_PrefabInstance: {fileID: 0}
  m_PrefabAsset: {fileID: 0}
  m_GameObject: {fileID: 3397593535167008695}
  m_Mesh: {fileID: 10202, guid: 0000000000000000e000000000000000, type: 0}
--- !u!23 &6237162217368460371
MeshRenderer:
  m_ObjectHideFlags: 0
  m_CorrespondingSourceObject: {fileID: 0}
  m_PrefabInstance: {fileID: 0}
  m_PrefabAsset: {fileID: 0}
  m_GameObject: {fileID: 3397593535167008695}
  m_Enabled: 0
  m_CastShadows: 1
  m_ReceiveShadows: 1
  m_DynamicOccludee: 1
  m_MotionVectors: 1
  m_LightProbeUsage: 1
  m_ReflectionProbeUsage: 1
  m_RayTracingMode: 2
  m_RenderingLayerMask: 1
  m_RendererPriority: 0
  m_Materials:
  - {fileID: 2100000, guid: 31321ba15b8f8eb4c954353edc038b1d, type: 2}
  m_StaticBatchInfo:
    firstSubMesh: 0
    subMeshCount: 0
  m_StaticBatchRoot: {fileID: 0}
  m_ProbeAnchor: {fileID: 0}
  m_LightProbeVolumeOverride: {fileID: 0}
  m_ScaleInLightmap: 1
  m_ReceiveGI: 1
  m_PreserveUVs: 0
  m_IgnoreNormalsForChartDetection: 0
  m_ImportantGI: 0
  m_StitchLightmapSeams: 1
  m_SelectedEditorRenderState: 3
  m_MinimumChartSize: 4
  m_AutoUVMaxDistance: 0.5
  m_AutoUVMaxAngle: 89
  m_LightmapParameters: {fileID: 0}
  m_SortingLayerID: 0
  m_SortingLayer: 0
  m_SortingOrder: 0
--- !u!65 &9157085145677070420
BoxCollider:
  m_ObjectHideFlags: 0
  m_CorrespondingSourceObject: {fileID: 0}
  m_PrefabInstance: {fileID: 0}
  m_PrefabAsset: {fileID: 0}
  m_GameObject: {fileID: 3397593535167008695}
  m_Material: {fileID: 0}
  m_IsTrigger: 0
  m_Enabled: 1
  serializedVersion: 2
  m_Size: {x: 1, y: 1, z: 1}
  m_Center: {x: 0, y: 0, z: 0}
--- !u!1 &8354972623301008206
GameObject:
  m_ObjectHideFlags: 0
  m_CorrespondingSourceObject: {fileID: 0}
  m_PrefabInstance: {fileID: 0}
  m_PrefabAsset: {fileID: 0}
  serializedVersion: 6
  m_Component:
  - component: {fileID: 8354972623301008209}
  m_Layer: 0
  m_Name: Map
  m_TagString: Untagged
  m_Icon: {fileID: 0}
  m_NavMeshLayer: 0
  m_StaticEditorFlags: 4294967295
  m_IsActive: 1
--- !u!4 &8354972623301008209
Transform:
  m_ObjectHideFlags: 0
  m_CorrespondingSourceObject: {fileID: 0}
  m_PrefabInstance: {fileID: 0}
  m_PrefabAsset: {fileID: 0}
  m_GameObject: {fileID: 8354972623301008206}
  m_LocalRotation: {x: 0, y: 0, z: 0, w: 1}
  m_LocalPosition: {x: 0, y: 0.48, z: -8.88}
  m_LocalScale: {x: 1, y: 1, z: 1}
  m_Children:
  - {fileID: 7663692185877809061}
  - {fileID: 8944711776792573782}
  - {fileID: 4778505345674211043}
  - {fileID: 5685980874864281084}
  - {fileID: 5000824251233723008}
  - {fileID: 8247256579629992112}
  - {fileID: 4219529106322582189}
  - {fileID: 3554720736858401932}
  - {fileID: 5802095258509111124}
  - {fileID: 3621817027064023587}
  - {fileID: 5963453298101091424}
  - {fileID: 6050355798607884299}
  - {fileID: 2116800908574676616}
  - {fileID: 1234042322236968816}
  m_Father: {fileID: 0}
  m_RootOrder: 0
  m_LocalEulerAnglesHint: {x: 0, y: 0, z: 0}
--- !u!1001 &62378715227913985
PrefabInstance:
  m_ObjectHideFlags: 0
  serializedVersion: 2
  m_Modification:
    m_TransformParent: {fileID: 8354972623301008209}
    m_Modifications:
    - target: {fileID: 7199410635517810976, guid: 2bc34c81944b7424ea2f8b0261476007,
        type: 3}
      propertyPath: m_Name
      value: profile
      objectReference: {fileID: 0}
    - target: {fileID: 7676238694379649188, guid: 2bc34c81944b7424ea2f8b0261476007,
        type: 3}
      propertyPath: m_RootOrder
      value: 0
      objectReference: {fileID: 0}
    - target: {fileID: 7676238694379649188, guid: 2bc34c81944b7424ea2f8b0261476007,
        type: 3}
      propertyPath: m_LocalPosition.x
      value: 0
      objectReference: {fileID: 0}
    - target: {fileID: 7676238694379649188, guid: 2bc34c81944b7424ea2f8b0261476007,
        type: 3}
      propertyPath: m_LocalPosition.y
      value: 0
      objectReference: {fileID: 0}
    - target: {fileID: 7676238694379649188, guid: 2bc34c81944b7424ea2f8b0261476007,
        type: 3}
      propertyPath: m_LocalPosition.z
      value: 0
      objectReference: {fileID: 0}
    - target: {fileID: 7676238694379649188, guid: 2bc34c81944b7424ea2f8b0261476007,
        type: 3}
      propertyPath: m_LocalRotation.w
      value: 1
      objectReference: {fileID: 0}
    - target: {fileID: 7676238694379649188, guid: 2bc34c81944b7424ea2f8b0261476007,
        type: 3}
      propertyPath: m_LocalRotation.x
      value: 0
      objectReference: {fileID: 0}
    - target: {fileID: 7676238694379649188, guid: 2bc34c81944b7424ea2f8b0261476007,
        type: 3}
      propertyPath: m_LocalRotation.y
      value: 0
      objectReference: {fileID: 0}
    - target: {fileID: 7676238694379649188, guid: 2bc34c81944b7424ea2f8b0261476007,
        type: 3}
      propertyPath: m_LocalRotation.z
      value: 0
      objectReference: {fileID: 0}
    - target: {fileID: 7676238694379649188, guid: 2bc34c81944b7424ea2f8b0261476007,
        type: 3}
      propertyPath: m_LocalEulerAnglesHint.x
      value: 0
      objectReference: {fileID: 0}
    - target: {fileID: 7676238694379649188, guid: 2bc34c81944b7424ea2f8b0261476007,
        type: 3}
      propertyPath: m_LocalEulerAnglesHint.y
      value: 0
      objectReference: {fileID: 0}
    - target: {fileID: 7676238694379649188, guid: 2bc34c81944b7424ea2f8b0261476007,
        type: 3}
      propertyPath: m_LocalEulerAnglesHint.z
      value: 0
      objectReference: {fileID: 0}
    m_RemovedComponents: []
  m_SourcePrefab: {fileID: 100100000, guid: 2bc34c81944b7424ea2f8b0261476007, type: 3}
--- !u!4 &7663692185877809061 stripped
Transform:
  m_CorrespondingSourceObject: {fileID: 7676238694379649188, guid: 2bc34c81944b7424ea2f8b0261476007,
    type: 3}
  m_PrefabInstance: {fileID: 62378715227913985}
  m_PrefabAsset: {fileID: 0}
--- !u!1001 &2027678666232612562
PrefabInstance:
  m_ObjectHideFlags: 0
  serializedVersion: 2
  m_Modification:
    m_TransformParent: {fileID: 8354972623301008209}
    m_Modifications:
    - target: {fileID: 5752483801419855577, guid: c89dedc3a27d2f04193222385174321f,
        type: 3}
      propertyPath: m_RootOrder
      value: 11
      objectReference: {fileID: 0}
    - target: {fileID: 5752483801419855577, guid: c89dedc3a27d2f04193222385174321f,
        type: 3}
      propertyPath: m_LocalPosition.x
      value: 23.72
      objectReference: {fileID: 0}
    - target: {fileID: 5752483801419855577, guid: c89dedc3a27d2f04193222385174321f,
        type: 3}
      propertyPath: m_LocalPosition.y
      value: -0.43
      objectReference: {fileID: 0}
    - target: {fileID: 5752483801419855577, guid: c89dedc3a27d2f04193222385174321f,
        type: 3}
      propertyPath: m_LocalPosition.z
      value: -1.54
      objectReference: {fileID: 0}
    - target: {fileID: 5752483801419855577, guid: c89dedc3a27d2f04193222385174321f,
        type: 3}
      propertyPath: m_LocalRotation.w
      value: 0
      objectReference: {fileID: 0}
    - target: {fileID: 5752483801419855577, guid: c89dedc3a27d2f04193222385174321f,
        type: 3}
      propertyPath: m_LocalRotation.x
      value: 0
      objectReference: {fileID: 0}
    - target: {fileID: 5752483801419855577, guid: c89dedc3a27d2f04193222385174321f,
        type: 3}
      propertyPath: m_LocalRotation.y
      value: 1
      objectReference: {fileID: 0}
    - target: {fileID: 5752483801419855577, guid: c89dedc3a27d2f04193222385174321f,
        type: 3}
      propertyPath: m_LocalRotation.z
      value: 0
      objectReference: {fileID: 0}
    - target: {fileID: 5752483801419855577, guid: c89dedc3a27d2f04193222385174321f,
        type: 3}
      propertyPath: m_LocalEulerAnglesHint.x
      value: 0
      objectReference: {fileID: 0}
    - target: {fileID: 5752483801419855577, guid: c89dedc3a27d2f04193222385174321f,
        type: 3}
      propertyPath: m_LocalEulerAnglesHint.y
      value: 180
      objectReference: {fileID: 0}
    - target: {fileID: 5752483801419855577, guid: c89dedc3a27d2f04193222385174321f,
        type: 3}
      propertyPath: m_LocalEulerAnglesHint.z
      value: 0
      objectReference: {fileID: 0}
    - target: {fileID: 7681165254337958906, guid: c89dedc3a27d2f04193222385174321f,
        type: 3}
      propertyPath: m_Name
      value: Wall (6)
      objectReference: {fileID: 0}
    m_RemovedComponents: []
  m_SourcePrefab: {fileID: 100100000, guid: c89dedc3a27d2f04193222385174321f, type: 3}
--- !u!4 &6050355798607884299 stripped
Transform:
  m_CorrespondingSourceObject: {fileID: 5752483801419855577, guid: c89dedc3a27d2f04193222385174321f,
    type: 3}
  m_PrefabInstance: {fileID: 2027678666232612562}
  m_PrefabAsset: {fileID: 0}
--- !u!1001 &2096034921354349241
PrefabInstance:
  m_ObjectHideFlags: 0
  serializedVersion: 2
  m_Modification:
    m_TransformParent: {fileID: 8354972623301008209}
    m_Modifications:
    - target: {fileID: 5752483801419855577, guid: c89dedc3a27d2f04193222385174321f,
        type: 3}
      propertyPath: m_RootOrder
      value: 10
      objectReference: {fileID: 0}
    - target: {fileID: 5752483801419855577, guid: c89dedc3a27d2f04193222385174321f,
        type: 3}
      propertyPath: m_LocalPosition.x
      value: 23.69
      objectReference: {fileID: 0}
    - target: {fileID: 5752483801419855577, guid: c89dedc3a27d2f04193222385174321f,
        type: 3}
      propertyPath: m_LocalPosition.y
      value: -0.43
      objectReference: {fileID: 0}
    - target: {fileID: 5752483801419855577, guid: c89dedc3a27d2f04193222385174321f,
        type: 3}
      propertyPath: m_LocalPosition.z
      value: 7.31
      objectReference: {fileID: 0}
    - target: {fileID: 5752483801419855577, guid: c89dedc3a27d2f04193222385174321f,
        type: 3}
      propertyPath: m_LocalRotation.w
      value: 0
      objectReference: {fileID: 0}
    - target: {fileID: 5752483801419855577, guid: c89dedc3a27d2f04193222385174321f,
        type: 3}
      propertyPath: m_LocalRotation.x
      value: 0
      objectReference: {fileID: 0}
    - target: {fileID: 5752483801419855577, guid: c89dedc3a27d2f04193222385174321f,
        type: 3}
      propertyPath: m_LocalRotation.y
      value: 1
      objectReference: {fileID: 0}
    - target: {fileID: 5752483801419855577, guid: c89dedc3a27d2f04193222385174321f,
        type: 3}
      propertyPath: m_LocalRotation.z
      value: 0
      objectReference: {fileID: 0}
    - target: {fileID: 5752483801419855577, guid: c89dedc3a27d2f04193222385174321f,
        type: 3}
      propertyPath: m_LocalEulerAnglesHint.x
      value: 0
      objectReference: {fileID: 0}
    - target: {fileID: 5752483801419855577, guid: c89dedc3a27d2f04193222385174321f,
        type: 3}
      propertyPath: m_LocalEulerAnglesHint.y
      value: 180
      objectReference: {fileID: 0}
    - target: {fileID: 5752483801419855577, guid: c89dedc3a27d2f04193222385174321f,
        type: 3}
      propertyPath: m_LocalEulerAnglesHint.z
      value: 0
      objectReference: {fileID: 0}
    - target: {fileID: 7681165254337958906, guid: c89dedc3a27d2f04193222385174321f,
        type: 3}
      propertyPath: m_Name
      value: Wall (5)
      objectReference: {fileID: 0}
    m_RemovedComponents: []
  m_SourcePrefab: {fileID: 100100000, guid: c89dedc3a27d2f04193222385174321f, type: 3}
--- !u!4 &5963453298101091424 stripped
Transform:
  m_CorrespondingSourceObject: {fileID: 5752483801419855577, guid: c89dedc3a27d2f04193222385174321f,
    type: 3}
  m_PrefabInstance: {fileID: 2096034921354349241}
  m_PrefabAsset: {fileID: 0}
--- !u!1001 &2256799772008012173
PrefabInstance:
  m_ObjectHideFlags: 0
  serializedVersion: 2
  m_Modification:
    m_TransformParent: {fileID: 8354972623301008209}
    m_Modifications:
    - target: {fileID: 5752483801419855577, guid: c89dedc3a27d2f04193222385174321f,
        type: 3}
      propertyPath: m_RootOrder
      value: 8
      objectReference: {fileID: 0}
    - target: {fileID: 5752483801419855577, guid: c89dedc3a27d2f04193222385174321f,
        type: 3}
      propertyPath: m_LocalPosition.x
      value: 11.68
      objectReference: {fileID: 0}
    - target: {fileID: 5752483801419855577, guid: c89dedc3a27d2f04193222385174321f,
        type: 3}
      propertyPath: m_LocalPosition.y
      value: -0.43
      objectReference: {fileID: 0}
    - target: {fileID: 5752483801419855577, guid: c89dedc3a27d2f04193222385174321f,
        type: 3}
      propertyPath: m_LocalPosition.z
      value: 8.2
      objectReference: {fileID: 0}
    - target: {fileID: 5752483801419855577, guid: c89dedc3a27d2f04193222385174321f,
        type: 3}
      propertyPath: m_LocalRotation.w
      value: 0.7071068
      objectReference: {fileID: 0}
    - target: {fileID: 5752483801419855577, guid: c89dedc3a27d2f04193222385174321f,
        type: 3}
      propertyPath: m_LocalRotation.x
      value: 0
      objectReference: {fileID: 0}
    - target: {fileID: 5752483801419855577, guid: c89dedc3a27d2f04193222385174321f,
        type: 3}
      propertyPath: m_LocalRotation.y
      value: 0.7071068
      objectReference: {fileID: 0}
    - target: {fileID: 5752483801419855577, guid: c89dedc3a27d2f04193222385174321f,
        type: 3}
      propertyPath: m_LocalRotation.z
      value: 0
      objectReference: {fileID: 0}
    - target: {fileID: 5752483801419855577, guid: c89dedc3a27d2f04193222385174321f,
        type: 3}
      propertyPath: m_LocalEulerAnglesHint.x
      value: 0
      objectReference: {fileID: 0}
    - target: {fileID: 5752483801419855577, guid: c89dedc3a27d2f04193222385174321f,
        type: 3}
      propertyPath: m_LocalEulerAnglesHint.y
      value: 90
      objectReference: {fileID: 0}
    - target: {fileID: 5752483801419855577, guid: c89dedc3a27d2f04193222385174321f,
        type: 3}
      propertyPath: m_LocalEulerAnglesHint.z
      value: 0
      objectReference: {fileID: 0}
    - target: {fileID: 7681165254337958906, guid: c89dedc3a27d2f04193222385174321f,
        type: 3}
      propertyPath: m_Name
      value: Wall (3)
      objectReference: {fileID: 0}
    m_RemovedComponents: []
  m_SourcePrefab: {fileID: 100100000, guid: c89dedc3a27d2f04193222385174321f, type: 3}
--- !u!4 &5802095258509111124 stripped
Transform:
  m_CorrespondingSourceObject: {fileID: 5752483801419855577, guid: c89dedc3a27d2f04193222385174321f,
    type: 3}
  m_PrefabInstance: {fileID: 2256799772008012173}
  m_PrefabAsset: {fileID: 0}
--- !u!1001 &2625549203122175320
PrefabInstance:
  m_ObjectHideFlags: 0
  serializedVersion: 2
  m_Modification:
    m_TransformParent: {fileID: 8354972623301008209}
    m_Modifications:
    - target: {fileID: 7199410635517810976, guid: 2bc34c81944b7424ea2f8b0261476007,
        type: 3}
      propertyPath: m_Name
      value: profile (2)
      objectReference: {fileID: 0}
    - target: {fileID: 7676238694379649188, guid: 2bc34c81944b7424ea2f8b0261476007,
        type: 3}
      propertyPath: m_RootOrder
      value: 3
      objectReference: {fileID: 0}
    - target: {fileID: 7676238694379649188, guid: 2bc34c81944b7424ea2f8b0261476007,
        type: 3}
      propertyPath: m_LocalPosition.x
      value: 34.17
      objectReference: {fileID: 0}
    - target: {fileID: 7676238694379649188, guid: 2bc34c81944b7424ea2f8b0261476007,
        type: 3}
      propertyPath: m_LocalPosition.y
      value: 0
      objectReference: {fileID: 0}
    - target: {fileID: 7676238694379649188, guid: 2bc34c81944b7424ea2f8b0261476007,
        type: 3}
      propertyPath: m_LocalPosition.z
      value: 3.29
      objectReference: {fileID: 0}
    - target: {fileID: 7676238694379649188, guid: 2bc34c81944b7424ea2f8b0261476007,
        type: 3}
      propertyPath: m_LocalRotation.w
      value: 0
      objectReference: {fileID: 0}
    - target: {fileID: 7676238694379649188, guid: 2bc34c81944b7424ea2f8b0261476007,
        type: 3}
      propertyPath: m_LocalRotation.x
      value: 0
      objectReference: {fileID: 0}
    - target: {fileID: 7676238694379649188, guid: 2bc34c81944b7424ea2f8b0261476007,
        type: 3}
      propertyPath: m_LocalRotation.y
      value: 1
      objectReference: {fileID: 0}
    - target: {fileID: 7676238694379649188, guid: 2bc34c81944b7424ea2f8b0261476007,
        type: 3}
      propertyPath: m_LocalRotation.z
      value: 0
      objectReference: {fileID: 0}
    - target: {fileID: 7676238694379649188, guid: 2bc34c81944b7424ea2f8b0261476007,
        type: 3}
      propertyPath: m_LocalEulerAnglesHint.x
      value: 0
      objectReference: {fileID: 0}
    - target: {fileID: 7676238694379649188, guid: 2bc34c81944b7424ea2f8b0261476007,
        type: 3}
      propertyPath: m_LocalEulerAnglesHint.y
      value: 180
      objectReference: {fileID: 0}
    - target: {fileID: 7676238694379649188, guid: 2bc34c81944b7424ea2f8b0261476007,
        type: 3}
      propertyPath: m_LocalEulerAnglesHint.z
      value: 0
      objectReference: {fileID: 0}
    m_RemovedComponents: []
  m_SourcePrefab: {fileID: 100100000, guid: 2bc34c81944b7424ea2f8b0261476007, type: 3}
--- !u!4 &5685980874864281084 stripped
Transform:
  m_CorrespondingSourceObject: {fileID: 7676238694379649188, guid: 2bc34c81944b7424ea2f8b0261476007,
    type: 3}
  m_PrefabInstance: {fileID: 2625549203122175320}
  m_PrefabAsset: {fileID: 0}
--- !u!1001 &2787808519985635104
PrefabInstance:
  m_ObjectHideFlags: 0
  serializedVersion: 2
  m_Modification:
    m_TransformParent: {fileID: 8354972623301008209}
    m_Modifications:
    - target: {fileID: 6526198461349783670, guid: baf055a26142c4946ba08ee5dd24d282,
        type: 3}
      propertyPath: m_RootOrder
      value: 1
      objectReference: {fileID: 0}
    - target: {fileID: 6526198461349783670, guid: baf055a26142c4946ba08ee5dd24d282,
        type: 3}
      propertyPath: m_LocalPosition.x
      value: 11.12
      objectReference: {fileID: 0}
    - target: {fileID: 6526198461349783670, guid: baf055a26142c4946ba08ee5dd24d282,
        type: 3}
      propertyPath: m_LocalPosition.y
      value: 3.83
      objectReference: {fileID: 0}
    - target: {fileID: 6526198461349783670, guid: baf055a26142c4946ba08ee5dd24d282,
        type: 3}
      propertyPath: m_LocalPosition.z
      value: 3.99
      objectReference: {fileID: 0}
    - target: {fileID: 6526198461349783670, guid: baf055a26142c4946ba08ee5dd24d282,
        type: 3}
      propertyPath: m_LocalRotation.w
      value: 1
      objectReference: {fileID: 0}
    - target: {fileID: 6526198461349783670, guid: baf055a26142c4946ba08ee5dd24d282,
        type: 3}
      propertyPath: m_LocalRotation.x
      value: 0
      objectReference: {fileID: 0}
    - target: {fileID: 6526198461349783670, guid: baf055a26142c4946ba08ee5dd24d282,
        type: 3}
      propertyPath: m_LocalRotation.y
      value: 0
      objectReference: {fileID: 0}
    - target: {fileID: 6526198461349783670, guid: baf055a26142c4946ba08ee5dd24d282,
        type: 3}
      propertyPath: m_LocalRotation.z
      value: 0
      objectReference: {fileID: 0}
    - target: {fileID: 6526198461349783670, guid: baf055a26142c4946ba08ee5dd24d282,
        type: 3}
      propertyPath: m_LocalEulerAnglesHint.x
      value: 0
      objectReference: {fileID: 0}
    - target: {fileID: 6526198461349783670, guid: baf055a26142c4946ba08ee5dd24d282,
        type: 3}
      propertyPath: m_LocalEulerAnglesHint.y
      value: 0
      objectReference: {fileID: 0}
    - target: {fileID: 6526198461349783670, guid: baf055a26142c4946ba08ee5dd24d282,
        type: 3}
      propertyPath: m_LocalEulerAnglesHint.z
      value: 0
      objectReference: {fileID: 0}
    - target: {fileID: 8785075622861730313, guid: baf055a26142c4946ba08ee5dd24d282,
        type: 3}
      propertyPath: m_Name
      value: Base
      objectReference: {fileID: 0}
    m_RemovedComponents: []
  m_SourcePrefab: {fileID: 100100000, guid: baf055a26142c4946ba08ee5dd24d282, type: 3}
--- !u!4 &8944711776792573782 stripped
Transform:
  m_CorrespondingSourceObject: {fileID: 6526198461349783670, guid: baf055a26142c4946ba08ee5dd24d282,
    type: 3}
  m_PrefabInstance: {fileID: 2787808519985635104}
  m_PrefabAsset: {fileID: 0}
--- !u!1001 &2943053047505098311
PrefabInstance:
  m_ObjectHideFlags: 0
  serializedVersion: 2
  m_Modification:
    m_TransformParent: {fileID: 8354972623301008209}
    m_Modifications:
    - target: {fileID: 7199410635517810976, guid: 2bc34c81944b7424ea2f8b0261476007,
        type: 3}
      propertyPath: m_Name
      value: profile (1)
      objectReference: {fileID: 0}
    - target: {fileID: 7676238694379649188, guid: 2bc34c81944b7424ea2f8b0261476007,
        type: 3}
      propertyPath: m_RootOrder
      value: 2
      objectReference: {fileID: 0}
    - target: {fileID: 7676238694379649188, guid: 2bc34c81944b7424ea2f8b0261476007,
        type: 3}
      propertyPath: m_LocalPosition.x
      value: 15.71
      objectReference: {fileID: 0}
    - target: {fileID: 7676238694379649188, guid: 2bc34c81944b7424ea2f8b0261476007,
        type: 3}
      propertyPath: m_LocalPosition.y
      value: 0
      objectReference: {fileID: 0}
    - target: {fileID: 7676238694379649188, guid: 2bc34c81944b7424ea2f8b0261476007,
        type: 3}
      propertyPath: m_LocalPosition.z
      value: 18.66
      objectReference: {fileID: 0}
    - target: {fileID: 7676238694379649188, guid: 2bc34c81944b7424ea2f8b0261476007,
        type: 3}
      propertyPath: m_LocalRotation.w
      value: 0.7071068
      objectReference: {fileID: 0}
    - target: {fileID: 7676238694379649188, guid: 2bc34c81944b7424ea2f8b0261476007,
        type: 3}
      propertyPath: m_LocalRotation.x
      value: 0
      objectReference: {fileID: 0}
    - target: {fileID: 7676238694379649188, guid: 2bc34c81944b7424ea2f8b0261476007,
        type: 3}
      propertyPath: m_LocalRotation.y
      value: 0.7071068
      objectReference: {fileID: 0}
    - target: {fileID: 7676238694379649188, guid: 2bc34c81944b7424ea2f8b0261476007,
        type: 3}
      propertyPath: m_LocalRotation.z
      value: 0
      objectReference: {fileID: 0}
    - target: {fileID: 7676238694379649188, guid: 2bc34c81944b7424ea2f8b0261476007,
        type: 3}
      propertyPath: m_LocalEulerAnglesHint.x
      value: 0
      objectReference: {fileID: 0}
    - target: {fileID: 7676238694379649188, guid: 2bc34c81944b7424ea2f8b0261476007,
        type: 3}
      propertyPath: m_LocalEulerAnglesHint.y
      value: 90
      objectReference: {fileID: 0}
    - target: {fileID: 7676238694379649188, guid: 2bc34c81944b7424ea2f8b0261476007,
        type: 3}
      propertyPath: m_LocalEulerAnglesHint.z
      value: 0
      objectReference: {fileID: 0}
    m_RemovedComponents: []
  m_SourcePrefab: {fileID: 100100000, guid: 2bc34c81944b7424ea2f8b0261476007, type: 3}
--- !u!4 &4778505345674211043 stripped
Transform:
  m_CorrespondingSourceObject: {fileID: 7676238694379649188, guid: 2bc34c81944b7424ea2f8b0261476007,
    type: 3}
  m_PrefabInstance: {fileID: 2943053047505098311}
  m_PrefabAsset: {fileID: 0}
--- !u!1001 &3450044584450234916
PrefabInstance:
  m_ObjectHideFlags: 0
  serializedVersion: 2
  m_Modification:
    m_TransformParent: {fileID: 8354972623301008209}
    m_Modifications:
    - target: {fileID: 7199410635517810976, guid: 2bc34c81944b7424ea2f8b0261476007,
        type: 3}
      propertyPath: m_Name
      value: profile (3)
      objectReference: {fileID: 0}
    - target: {fileID: 7676238694379649188, guid: 2bc34c81944b7424ea2f8b0261476007,
        type: 3}
      propertyPath: m_RootOrder
      value: 4
      objectReference: {fileID: 0}
    - target: {fileID: 7676238694379649188, guid: 2bc34c81944b7424ea2f8b0261476007,
        type: 3}
      propertyPath: m_LocalPosition.x
      value: 19.3
      objectReference: {fileID: 0}
    - target: {fileID: 7676238694379649188, guid: 2bc34c81944b7424ea2f8b0261476007,
        type: 3}
      propertyPath: m_LocalPosition.y
      value: 0
      objectReference: {fileID: 0}
    - target: {fileID: 7676238694379649188, guid: 2bc34c81944b7424ea2f8b0261476007,
        type: 3}
      propertyPath: m_LocalPosition.z
      value: -15.8
      objectReference: {fileID: 0}
    - target: {fileID: 7676238694379649188, guid: 2bc34c81944b7424ea2f8b0261476007,
        type: 3}
      propertyPath: m_LocalRotation.w
      value: -0.7071068
      objectReference: {fileID: 0}
    - target: {fileID: 7676238694379649188, guid: 2bc34c81944b7424ea2f8b0261476007,
        type: 3}
      propertyPath: m_LocalRotation.x
      value: 0
      objectReference: {fileID: 0}
    - target: {fileID: 7676238694379649188, guid: 2bc34c81944b7424ea2f8b0261476007,
        type: 3}
      propertyPath: m_LocalRotation.y
      value: 0.7071068
      objectReference: {fileID: 0}
    - target: {fileID: 7676238694379649188, guid: 2bc34c81944b7424ea2f8b0261476007,
        type: 3}
      propertyPath: m_LocalRotation.z
      value: -0
      objectReference: {fileID: 0}
    - target: {fileID: 7676238694379649188, guid: 2bc34c81944b7424ea2f8b0261476007,
        type: 3}
      propertyPath: m_LocalEulerAnglesHint.x
      value: 0
      objectReference: {fileID: 0}
    - target: {fileID: 7676238694379649188, guid: 2bc34c81944b7424ea2f8b0261476007,
        type: 3}
      propertyPath: m_LocalEulerAnglesHint.y
      value: 270
      objectReference: {fileID: 0}
    - target: {fileID: 7676238694379649188, guid: 2bc34c81944b7424ea2f8b0261476007,
        type: 3}
      propertyPath: m_LocalEulerAnglesHint.z
      value: 0
      objectReference: {fileID: 0}
    m_RemovedComponents: []
  m_SourcePrefab: {fileID: 100100000, guid: 2bc34c81944b7424ea2f8b0261476007, type: 3}
--- !u!4 &5000824251233723008 stripped
Transform:
  m_CorrespondingSourceObject: {fileID: 7676238694379649188, guid: 2bc34c81944b7424ea2f8b0261476007,
    type: 3}
  m_PrefabInstance: {fileID: 3450044584450234916}
  m_PrefabAsset: {fileID: 0}
--- !u!1001 &4440770937851805289
PrefabInstance:
  m_ObjectHideFlags: 0
  serializedVersion: 2
  m_Modification:
    m_TransformParent: {fileID: 8354972623301008209}
    m_Modifications:
    - target: {fileID: 5752483801419855577, guid: c89dedc3a27d2f04193222385174321f,
        type: 3}
      propertyPath: m_RootOrder
      value: 5
      objectReference: {fileID: 0}
    - target: {fileID: 5752483801419855577, guid: c89dedc3a27d2f04193222385174321f,
        type: 3}
      propertyPath: m_LocalPosition.x
      value: 10.5
      objectReference: {fileID: 0}
    - target: {fileID: 5752483801419855577, guid: c89dedc3a27d2f04193222385174321f,
        type: 3}
      propertyPath: m_LocalPosition.y
      value: -0.43
      objectReference: {fileID: 0}
    - target: {fileID: 5752483801419855577, guid: c89dedc3a27d2f04193222385174321f,
        type: 3}
      propertyPath: m_LocalPosition.z
      value: -4.07
      objectReference: {fileID: 0}
    - target: {fileID: 5752483801419855577, guid: c89dedc3a27d2f04193222385174321f,
        type: 3}
      propertyPath: m_LocalRotation.w
      value: 1
      objectReference: {fileID: 0}
    - target: {fileID: 5752483801419855577, guid: c89dedc3a27d2f04193222385174321f,
        type: 3}
      propertyPath: m_LocalRotation.x
      value: 0
      objectReference: {fileID: 0}
    - target: {fileID: 5752483801419855577, guid: c89dedc3a27d2f04193222385174321f,
        type: 3}
      propertyPath: m_LocalRotation.y
      value: 0
      objectReference: {fileID: 0}
    - target: {fileID: 5752483801419855577, guid: c89dedc3a27d2f04193222385174321f,
        type: 3}
      propertyPath: m_LocalRotation.z
      value: 0
      objectReference: {fileID: 0}
    - target: {fileID: 5752483801419855577, guid: c89dedc3a27d2f04193222385174321f,
        type: 3}
      propertyPath: m_LocalEulerAnglesHint.x
      value: 0
      objectReference: {fileID: 0}
    - target: {fileID: 5752483801419855577, guid: c89dedc3a27d2f04193222385174321f,
        type: 3}
      propertyPath: m_LocalEulerAnglesHint.y
      value: 0
      objectReference: {fileID: 0}
    - target: {fileID: 5752483801419855577, guid: c89dedc3a27d2f04193222385174321f,
        type: 3}
      propertyPath: m_LocalEulerAnglesHint.z
      value: 0
      objectReference: {fileID: 0}
    - target: {fileID: 7681165254337958906, guid: c89dedc3a27d2f04193222385174321f,
        type: 3}
      propertyPath: m_Name
      value: Wall
      objectReference: {fileID: 0}
    m_RemovedComponents: []
  m_SourcePrefab: {fileID: 100100000, guid: c89dedc3a27d2f04193222385174321f, type: 3}
--- !u!4 &8247256579629992112 stripped
Transform:
  m_CorrespondingSourceObject: {fileID: 5752483801419855577, guid: c89dedc3a27d2f04193222385174321f,
    type: 3}
  m_PrefabInstance: {fileID: 4440770937851805289}
  m_PrefabAsset: {fileID: 0}
--- !u!1001 &5959545145291497553
PrefabInstance:
  m_ObjectHideFlags: 0
  serializedVersion: 2
  m_Modification:
    m_TransformParent: {fileID: 8354972623301008209}
    m_Modifications:
    - target: {fileID: 5752483801419855577, guid: c89dedc3a27d2f04193222385174321f,
        type: 3}
      propertyPath: m_RootOrder
      value: 12
      objectReference: {fileID: 0}
    - target: {fileID: 5752483801419855577, guid: c89dedc3a27d2f04193222385174321f,
        type: 3}
      propertyPath: m_LocalPosition.x
      value: 23.32
      objectReference: {fileID: 0}
    - target: {fileID: 5752483801419855577, guid: c89dedc3a27d2f04193222385174321f,
        type: 3}
      propertyPath: m_LocalPosition.y
      value: -0.43
      objectReference: {fileID: 0}
    - target: {fileID: 5752483801419855577, guid: c89dedc3a27d2f04193222385174321f,
        type: 3}
      propertyPath: m_LocalPosition.z
      value: -5.25
      objectReference: {fileID: 0}
    - target: {fileID: 5752483801419855577, guid: c89dedc3a27d2f04193222385174321f,
        type: 3}
      propertyPath: m_LocalRotation.w
      value: 0.7071068
      objectReference: {fileID: 0}
    - target: {fileID: 5752483801419855577, guid: c89dedc3a27d2f04193222385174321f,
        type: 3}
      propertyPath: m_LocalRotation.x
      value: 0
      objectReference: {fileID: 0}
    - target: {fileID: 5752483801419855577, guid: c89dedc3a27d2f04193222385174321f,
        type: 3}
      propertyPath: m_LocalRotation.y
      value: -0.7071068
      objectReference: {fileID: 0}
    - target: {fileID: 5752483801419855577, guid: c89dedc3a27d2f04193222385174321f,
        type: 3}
      propertyPath: m_LocalRotation.z
      value: 0
      objectReference: {fileID: 0}
    - target: {fileID: 5752483801419855577, guid: c89dedc3a27d2f04193222385174321f,
        type: 3}
      propertyPath: m_LocalEulerAnglesHint.x
      value: 0
      objectReference: {fileID: 0}
    - target: {fileID: 5752483801419855577, guid: c89dedc3a27d2f04193222385174321f,
        type: 3}
      propertyPath: m_LocalEulerAnglesHint.y
      value: -90
      objectReference: {fileID: 0}
    - target: {fileID: 5752483801419855577, guid: c89dedc3a27d2f04193222385174321f,
        type: 3}
      propertyPath: m_LocalEulerAnglesHint.z
      value: 0
      objectReference: {fileID: 0}
    - target: {fileID: 7681165254337958906, guid: c89dedc3a27d2f04193222385174321f,
        type: 3}
      propertyPath: m_Name
      value: Wall (7)
      objectReference: {fileID: 0}
    m_RemovedComponents: []
  m_SourcePrefab: {fileID: 100100000, guid: c89dedc3a27d2f04193222385174321f, type: 3}
--- !u!4 &2116800908574676616 stripped
Transform:
  m_CorrespondingSourceObject: {fileID: 5752483801419855577, guid: c89dedc3a27d2f04193222385174321f,
    type: 3}
  m_PrefabInstance: {fileID: 5959545145291497553}
  m_PrefabAsset: {fileID: 0}
--- !u!1001 &8456118356101487732
PrefabInstance:
  m_ObjectHideFlags: 0
  serializedVersion: 2
  m_Modification:
    m_TransformParent: {fileID: 8354972623301008209}
    m_Modifications:
    - target: {fileID: 5752483801419855577, guid: c89dedc3a27d2f04193222385174321f,
        type: 3}
      propertyPath: m_RootOrder
      value: 6
      objectReference: {fileID: 0}
    - target: {fileID: 5752483801419855577, guid: c89dedc3a27d2f04193222385174321f,
        type: 3}
      propertyPath: m_LocalPosition.x
      value: 14.51
      objectReference: {fileID: 0}
    - target: {fileID: 5752483801419855577, guid: c89dedc3a27d2f04193222385174321f,
        type: 3}
      propertyPath: m_LocalPosition.y
      value: -0.43
      objectReference: {fileID: 0}
    - target: {fileID: 5752483801419855577, guid: c89dedc3a27d2f04193222385174321f,
        type: 3}
      propertyPath: m_LocalPosition.z
      value: -5.32
      objectReference: {fileID: 0}
    - target: {fileID: 5752483801419855577, guid: c89dedc3a27d2f04193222385174321f,
        type: 3}
      propertyPath: m_LocalRotation.w
      value: 0.7071068
      objectReference: {fileID: 0}
    - target: {fileID: 5752483801419855577, guid: c89dedc3a27d2f04193222385174321f,
        type: 3}
      propertyPath: m_LocalRotation.x
      value: 0
      objectReference: {fileID: 0}
    - target: {fileID: 5752483801419855577, guid: c89dedc3a27d2f04193222385174321f,
        type: 3}
      propertyPath: m_LocalRotation.y
      value: -0.7071068
      objectReference: {fileID: 0}
    - target: {fileID: 5752483801419855577, guid: c89dedc3a27d2f04193222385174321f,
        type: 3}
      propertyPath: m_LocalRotation.z
      value: 0
      objectReference: {fileID: 0}
    - target: {fileID: 5752483801419855577, guid: c89dedc3a27d2f04193222385174321f,
        type: 3}
      propertyPath: m_LocalEulerAnglesHint.x
      value: 0
      objectReference: {fileID: 0}
    - target: {fileID: 5752483801419855577, guid: c89dedc3a27d2f04193222385174321f,
        type: 3}
      propertyPath: m_LocalEulerAnglesHint.y
      value: -90
      objectReference: {fileID: 0}
    - target: {fileID: 5752483801419855577, guid: c89dedc3a27d2f04193222385174321f,
        type: 3}
      propertyPath: m_LocalEulerAnglesHint.z
      value: 0
      objectReference: {fileID: 0}
    - target: {fileID: 7681165254337958906, guid: c89dedc3a27d2f04193222385174321f,
        type: 3}
      propertyPath: m_Name
      value: Wall (1)
      objectReference: {fileID: 0}
    m_RemovedComponents: []
  m_SourcePrefab: {fileID: 100100000, guid: c89dedc3a27d2f04193222385174321f, type: 3}
--- !u!4 &4219529106322582189 stripped
Transform:
  m_CorrespondingSourceObject: {fileID: 5752483801419855577, guid: c89dedc3a27d2f04193222385174321f,
    type: 3}
  m_PrefabInstance: {fileID: 8456118356101487732}
  m_PrefabAsset: {fileID: 0}
--- !u!1001 &9049889922052095226
PrefabInstance:
  m_ObjectHideFlags: 0
  serializedVersion: 2
  m_Modification:
    m_TransformParent: {fileID: 8354972623301008209}
    m_Modifications:
    - target: {fileID: 5752483801419855577, guid: c89dedc3a27d2f04193222385174321f,
        type: 3}
      propertyPath: m_RootOrder
      value: 9
      objectReference: {fileID: 0}
    - target: {fileID: 5752483801419855577, guid: c89dedc3a27d2f04193222385174321f,
        type: 3}
      propertyPath: m_LocalPosition.x
      value: 20.56
      objectReference: {fileID: 0}
    - target: {fileID: 5752483801419855577, guid: c89dedc3a27d2f04193222385174321f,
        type: 3}
      propertyPath: m_LocalPosition.y
      value: -0.43
      objectReference: {fileID: 0}
    - target: {fileID: 5752483801419855577, guid: c89dedc3a27d2f04193222385174321f,
        type: 3}
      propertyPath: m_LocalPosition.z
      value: 8.2
      objectReference: {fileID: 0}
    - target: {fileID: 5752483801419855577, guid: c89dedc3a27d2f04193222385174321f,
        type: 3}
      propertyPath: m_LocalRotation.w
      value: 0.7071068
      objectReference: {fileID: 0}
    - target: {fileID: 5752483801419855577, guid: c89dedc3a27d2f04193222385174321f,
        type: 3}
      propertyPath: m_LocalRotation.x
      value: 0
      objectReference: {fileID: 0}
    - target: {fileID: 5752483801419855577, guid: c89dedc3a27d2f04193222385174321f,
        type: 3}
      propertyPath: m_LocalRotation.y
      value: 0.7071068
      objectReference: {fileID: 0}
    - target: {fileID: 5752483801419855577, guid: c89dedc3a27d2f04193222385174321f,
        type: 3}
      propertyPath: m_LocalRotation.z
      value: 0
      objectReference: {fileID: 0}
    - target: {fileID: 5752483801419855577, guid: c89dedc3a27d2f04193222385174321f,
        type: 3}
      propertyPath: m_LocalEulerAnglesHint.x
      value: 0
      objectReference: {fileID: 0}
    - target: {fileID: 5752483801419855577, guid: c89dedc3a27d2f04193222385174321f,
        type: 3}
      propertyPath: m_LocalEulerAnglesHint.y
      value: 90
      objectReference: {fileID: 0}
    - target: {fileID: 5752483801419855577, guid: c89dedc3a27d2f04193222385174321f,
        type: 3}
      propertyPath: m_LocalEulerAnglesHint.z
      value: 0
      objectReference: {fileID: 0}
    - target: {fileID: 7681165254337958906, guid: c89dedc3a27d2f04193222385174321f,
        type: 3}
      propertyPath: m_Name
      value: Wall (4)
      objectReference: {fileID: 0}
    m_RemovedComponents: []
  m_SourcePrefab: {fileID: 100100000, guid: c89dedc3a27d2f04193222385174321f, type: 3}
--- !u!4 &3621817027064023587 stripped
Transform:
  m_CorrespondingSourceObject: {fileID: 5752483801419855577, guid: c89dedc3a27d2f04193222385174321f,
    type: 3}
  m_PrefabInstance: {fileID: 9049889922052095226}
  m_PrefabAsset: {fileID: 0}
--- !u!1001 &9115296809424083541
PrefabInstance:
  m_ObjectHideFlags: 0
  serializedVersion: 2
  m_Modification:
    m_TransformParent: {fileID: 8354972623301008209}
    m_Modifications:
    - target: {fileID: 5752483801419855577, guid: c89dedc3a27d2f04193222385174321f,
        type: 3}
      propertyPath: m_RootOrder
      value: 7
      objectReference: {fileID: 0}
    - target: {fileID: 5752483801419855577, guid: c89dedc3a27d2f04193222385174321f,
        type: 3}
      propertyPath: m_LocalPosition.x
      value: 10.5
      objectReference: {fileID: 0}
    - target: {fileID: 5752483801419855577, guid: c89dedc3a27d2f04193222385174321f,
        type: 3}
      propertyPath: m_LocalPosition.y
      value: -0.43
      objectReference: {fileID: 0}
    - target: {fileID: 5752483801419855577, guid: c89dedc3a27d2f04193222385174321f,
        type: 3}
      propertyPath: m_LocalPosition.z
      value: 4.88
      objectReference: {fileID: 0}
    - target: {fileID: 5752483801419855577, guid: c89dedc3a27d2f04193222385174321f,
        type: 3}
      propertyPath: m_LocalRotation.w
      value: 1
      objectReference: {fileID: 0}
    - target: {fileID: 5752483801419855577, guid: c89dedc3a27d2f04193222385174321f,
        type: 3}
      propertyPath: m_LocalRotation.x
      value: 0
      objectReference: {fileID: 0}
    - target: {fileID: 5752483801419855577, guid: c89dedc3a27d2f04193222385174321f,
        type: 3}
      propertyPath: m_LocalRotation.y
      value: 0
      objectReference: {fileID: 0}
    - target: {fileID: 5752483801419855577, guid: c89dedc3a27d2f04193222385174321f,
        type: 3}
      propertyPath: m_LocalRotation.z
      value: 0
      objectReference: {fileID: 0}
    - target: {fileID: 5752483801419855577, guid: c89dedc3a27d2f04193222385174321f,
        type: 3}
      propertyPath: m_LocalEulerAnglesHint.x
      value: 0
      objectReference: {fileID: 0}
    - target: {fileID: 5752483801419855577, guid: c89dedc3a27d2f04193222385174321f,
        type: 3}
      propertyPath: m_LocalEulerAnglesHint.y
      value: 0
      objectReference: {fileID: 0}
    - target: {fileID: 5752483801419855577, guid: c89dedc3a27d2f04193222385174321f,
        type: 3}
      propertyPath: m_LocalEulerAnglesHint.z
      value: 0
      objectReference: {fileID: 0}
    - target: {fileID: 7681165254337958906, guid: c89dedc3a27d2f04193222385174321f,
        type: 3}
      propertyPath: m_Name
      value: Wall (2)
      objectReference: {fileID: 0}
    m_RemovedComponents: []
  m_SourcePrefab: {fileID: 100100000, guid: c89dedc3a27d2f04193222385174321f, type: 3}
--- !u!4 &3554720736858401932 stripped
Transform:
  m_CorrespondingSourceObject: {fileID: 5752483801419855577, guid: c89dedc3a27d2f04193222385174321f,
    type: 3}
  m_PrefabInstance: {fileID: 9115296809424083541}
  m_PrefabAsset: {fileID: 0}
